 Dungeon Crawl Stone Soup version 0.28.0-45-g0d030f2227 (webtiles) character file.

Game seed: 3663300547887948231

19 Fartwhistle the Bolt Thrower (level 2, -1/25 HPs)
             Began as a Minotaur Hunter on May 17, 2022.
             Succumbed to a goblin's poison
             ... on level 1 of the Dungeon.
             The game lasted 00:01:39 (777 turns).

Fartwhistle the Bolt Thrower (Minotaur Hunter)       Turns: 777, Time: 00:01:39

Health: -1/25      AC:  4    Str: 16    XL:     2   Next: 55%
Magic:  1/1        EV: 11    Int:  8    God:
Gold:   84         SH:  0    Dex: 10    Spells: 1/1 levels left

rFire   . . .      SeeInvis .   a - +1 hand crossbow
rCold   . . .      Faith    .   (no shield)
rNeg    . . .      Spirit   .   c - +0 leather armour
rPois   .          Reflect  .   (helmet restricted)
rElec   .          Harm     .   (no cloak)
rCorr   .          Rampage  .   e - +0 pair of gloves
Will    .....                   (no boots)
Stlth   +.........              (no amulet)
HPRegen 0.08/turn               (no ring)
MPRegen 0.07/turn               (no ring)

@: lethally poisoned (-1 -> -14)
A: horns 2, retaliatory headbutt
a: no special abilities


You were on level 1 of the Dungeon.
You visited 1 branch of the dungeon, and saw 1 of its levels.

You collected 84 gold pieces.

Inventory:

Hand Weapons
 a - a +1 hand crossbow (weapon)
 b - a +0 short sword
Missiles
 d - 15 bolts (quivered ammo)
Armour
 c - a +0 leather armour (worn)
 e - a +0 pair of gloves (worn)
Scrolls
 f - a scroll of teleportation {unknown}
 g - a scroll of identify {unknown}
 h - a scroll of acquirement {unknown}


   Skills:
 - Level 2.4 Fighting
 + Level 5.2 Crossbows
 - Level 2.1 Dodging
 - Level 0.7 Stealth


You had one spell level left.
You didn't know any spells.
Your spell library was empty.

Dungeon Overview and Level Annotations

Branches:
Dungeon (1/15)

Altars:


Innate Abilities, Weirdness & Mutations

You have a pair of horns on your head.
You reflexively headbutt those who attack you in melee.


Message History

You are frozen.
You hit the endoplasm. You headbutt the endoplasm.
You kill the endoplasm!
No target in view!
No target in view!
You now have 61 gold pieces (gained 9).
You now have 72 gold pieces (gained 11).
g - a scroll labelled BUTRUO GATOU
h - a scroll labelled FUSISAHUIL You now have 84 gold pieces (gained 12).
Found a stone staircase leading down.
There is a stone staircase leading down here.
A kobold comes into view. It is wielding a +0 whip.
The kobold shouts!
A goblin comes into view. It is wielding a +3 dagger of venom.
The goblin shouts!
a - a +1 hand crossbow (weapon)
Fire: 18 bolts
Press: ? - help, Q - select action Shift-Dir - straight line, f - goblin
Aim: a goblin, wielding a +3 dagger of venom (58% to hit)
You shoot a bolt. The bolt hits the kobold.
You kill the kobold!
Fire: 17 bolts
Press: ? - help, Q - select action Shift-Dir - straight line, f/p - goblin
Aim: a goblin, wielding a +3 dagger of venom (58% to hit)
You shoot a bolt. The bolt closely misses the goblin.
Fire: 16 bolts
Press: ? - help, Q - select action Shift-Dir - straight line, f/p - goblin
Aim: a goblin, wielding a +3 dagger of venom (58% to hit)
You shoot a bolt. The bolt barely misses the goblin.
The goblin hits you with a +3 dagger of venom.
You are poisoned.
The goblin hits you with a +3 dagger of venom.
You are lethally poisoned!
You feel very sick.
* * * LOW HITPOINT WARNING * * *
You feel very sick.
* * * LOW HITPOINT WARNING * * *
You feel very sick.
You die...

#......# #.# #......#
#.#
#......##############.##
.......................#
..#.##.#########.#######
........### #.#
........... #.#
............ #.#
..####..###. #@#
..####....... #.#
........#.#..###.#
...............g.#
..####..#.#..#.###
..####..# #. #(#
........# # #.#
......... ... .#####.##
#..


You could see a goblin.

Vanquished Creatures
  2 endoplasms (D:1)
  2 goblins (D:1)
  3 hobgoblins (D:1)
  5 ball pythons (D:1)
  3 bats (D:1)
  2 kobolds (D:1)
  2 rats (D:1)
19 creatures vanquished.

Notes
Turn   | Place    | Note
-------+----------+-------------------------------------------
     0 | D:1      | Fartwhistle the Minotaur Hunter began the quest for the
                  | Orb.
     0 | D:1      | Reached XP level 1. HP: 18/18 MP: 0/0
   219 | D:1      | Reached XP level 2. HP: 25/25 MP: 1/1
   254 | D:1      | Reached skill level 5 in Crossbows
   777 | D:1      | Succumbed to a goblin's poison

Illustrated notes

Levels and vault maps discovered:
D:1:      psy_arrival_terrarium, layout_basic, serial_shops, shop

Skill      XL: |  1  2 |
---------------+-------+-----
Crossbows      | 5 |  5.2
Fighting       | |  2.4
Dodging        | |  2.1
Stealth        | |  0.7

Action                   || total
-------------------------++-------
Melee: Short sword       ||    17
       Headbutt          ||     4
 Fire: Hand crossbow     ||    23
Armor: Leather armour    ||    11
Dodge: Dodged            ||    22
